 Dungeon Crawl Stone Soup version 0.23.2-40-g277498a001 (webtiles) character file.

Game seed: 14732486117743652726

200 MalarOregon the Poker (level 5, -3/61 HPs)
             Began as a Merfolk Warper on Aug 26, 2019.
             Slain by Natasha (5 damage)
             ... on level 2 of the Dungeon.
             The game lasted 00:10:07 (4715 turns).

MalarOregon the Poker (Merfolk Warper)              Turns: 4715, Time: 00:10:08

Health: -3/61      AC:  6    Str: 17    XL:     5   Next: 78%
Magic:  9/9        EV: 10    Int: 13    God:
Gold:   204        SH:  8    Dex: 13    Spells: 7/9 levels left

rFire    . . .     SeeInvis .   a - +0 trident
rCold    . . .     Gourm    .   c - +0 shield
rNeg     . . .     Faith    .   y - +0 ring mail
rPois    .         Spirit   .   x - +0 helmet
rElec    .         Reflect  .   (no cloak)
rCorr    .         Harm     .   (no gloves)
MR       .....                  (no boots)
Stlth    ..........             s - amulet of inaccuracy (curse)
HPRegen  0.20/turn              t - ring of attention (curse)
MPRegen  0.11/turn              (no ring)

@: mighty, berserking (expiring), very quick
A: change form in water, swift swim, stealthy swim
a: no special abilities


You were on level 2 of the Dungeon.
You were hungry.

You visited 1 branch of the dungeon, and saw 4 of its levels.

You collected 204 gold pieces.

Inventory:

Hand Weapons
 a - a +0 trident (weapon)
   (You found it on level 2 of the Dungeon)
Missiles
 p - 3 tomahawks
 u - a throwing net {!f}
 A - 5 javelins (quivered)
Armour
 c - a +0 shield (worn)
   (You found it on level 1 of the Dungeon)
 x - a +0 helmet (worn)
   (You took it off Robin on level 3 of the Dungeon)
 y - a +0 ring mail (worn)
   (You took it off an orc on level 3 of the Dungeon)
Jewellery
 s - a cursed amulet of inaccuracy (around neck)
   (You found it on level 3 of the Dungeon)
 t - a cursed ring of attention (left hand)
   (You found it on level 3 of the Dungeon)
Wands
 r - a wand of polymorph (4)
   (You found it on level 2 of the Dungeon)
Scrolls
 d - a scroll of blinking
 f - 2 scrolls of amnesia {unknown}
 g - 2 scrolls of magic mapping {unknown}
 h - 6 scrolls of remove curse {unknown}
 i - 2 scrolls of noise {unknown}
 k - a scroll of fear {unknown}
 m - a scroll of enchant weapon {unknown}
 n - 3 scrolls of identify {unknown}
 v - 2 scrolls of teleportation {unknown}
 z - a scroll of immolation {unknown}
Potions
 b - a potion of haste {@q3}
 j - a potion of flight
 o - a potion of degeneration {unknown}
 q - a potion of cancellation
Comestibles
 e - 4 rations {!d}


   Skills:
 + Level 3.2 Fighting
 + Level 4.5 Polearms
 - Level 1.0 Throwing
 + Level 1.6 Armour
 + Level 3.9 Dodging
 + Level 1.7 Shields
 + Level 2.8 Spellcasting
 - Level 2.4 Translocations


You had 7 spell levels left.
You knew the following spells:

 Your Spells              Type           Power        Failure   Level  Hunger
b - Blink                 Tloc           N/A          80%         2    ###....

Your spell library contained the following spells:

 Spells                   Type           Power        Failure   Level  Hunger
 Shroud of Golubria       Chrm/Tloc      #.........   92%         2    ###....
 Gell's Gravitas          Tloc           #.........   95%         3    ###....
 Lesser Beckoning         Tloc           #.........   95%         3    ###....
 Teleport Other           Tloc           #.......     95%         3    ###....
 Passage of Golubria      Tloc           N/A          100%        4    #####..


Dungeon Overview and Level Annotations

Branches:
Dungeon (4/15)
 Temple: D:4-7

Altars:
Fedhas
Qazlal
The Shining One

Annotations:
D:2 Natasha


Message History

Unknown command.
You block the jackal's attack.
Natasha casts a spell.
The jackal misses you. Natasha claws you.
* * * LOW HITPOINT WARNING * * *
Natasha casts a spell.
The jackal bites you.
* * * LOW HITPOINT WARNING * * *
Natasha claws you!
* * * LOW HITPOINT WARNING * * *
It was a potion of cancellation.
Your magical effects are unravelling.
You feel magically purged.
You feel yourself speed up. Natasha claws you but does no damage.
Natasha barely misses you. You block Natasha's attack.
It was a potion of might.
You feel very mighty all of a sudden. Natasha claws you but does no damage.
It was a potion of berserk rage.
A red film seems to cover your vision as you go berserk!
You feel yourself moving faster!
You feel mighty! Natasha claws you but does no damage.
You block Natasha's attack.
You miss Natasha. You block Natasha's attack.
You barely miss Natasha.
Natasha stares at you and mumbles some strange words.
You resist with some effort.
You completely miss Natasha. Natasha closely misses you.
The crimson imp blinks!
You closely miss Natasha. You block Natasha's attack.
You barely miss Natasha. You block Natasha's attack.
You barely miss Natasha. You block Natasha's attack.
The crimson imp blinks!
Natasha casts a spell.
You barely miss Natasha. You block Natasha's attack.
You miss Natasha.
Natasha extends her claws.
Natasha claws you but does no damage.
You miss Natasha.
Natasha wildly gestures.
Natasha's front paws start to glow.
You block Natasha's attack.
You hit Natasha. Natasha barely misses you.
You closely miss Natasha. Natasha casts a spell at you.
The magic dart hits you.
* * * LOW HITPOINT WARNING * * *
You hit Natasha. Natasha barely misses you. Natasha closely misses you.
Unknown command.
You closely miss Natasha.
The crimson imp blinks!
Natasha claws you.
You die...

#....###.#.##....#.##.# ###...
#....'...#)##....#.#..# #....#
#....#####.##....#.#..# #.##.#
##'#######.####..#....#####.##.#
##.............#.#..#.......#..#
#...######.###.#....#########.##
#...# #.# #.##..#### #.# #...#
#.###.##5....# #.# #...#
#.#...@hh§..5# #.#
#...######.#######5)..# #.#
##..........# #.....#######.#
.........##.# ##.............#
.........##'#####.......########
.........#.)......#....[#
.........#........#.....#
####'#####........#####.#
#.....##....[...# #.#


You could see Natasha, 2 crimson imps, a white imp and a jackal.

Vanquished Creatures
  Jessica (D:2)
  An iguana (D:4)
  Robin (D:3)
  4 adders (D:2)
  An adder skeleton (D:4)
  A worm (D:3)
  2 dart slugs (D:1)
  4 leopard geckos
  6 orcs
  2 ball pythons (D:1)
  9 bats
  3 giant cockroaches
  15 goblins
  9 hobgoblins
  3 jackals (D:1)
  2 frilled lizards (D:1)
  7 kobolds
  A leopard gecko skeleton (D:4)
  10 rats
82 creatures vanquished.

Notes
Turn   | Place    | Note
-------+----------+-------------------------------------------
     0 | D:1      | MalarOregon the Merfolk Warper began the quest for the Orb.
     0 | D:1      | Reached XP level 1. HP: 16/16 MP: 3/3
    27 | D:1      | You fall through a shaft!
    86 | D:2      | Found a stormy altar of Qazlal.
   165 | D:2      | Reached XP level 2. HP: 20/23 MP: 5/5
   203 | D:2      | Learned a level 2 spell: Blink
   739 | D:1      | Reached skill level 1 in Armour
   938 | D:1      | Reached XP level 3. HP: 21/28 MP: 6/6
  1683 | D:2      | Reached skill level 1 in Shields
  1878 | D:2      | Found a glowing golden altar of the Shining One.
  1936 | D:2      | Reached XP level 4. HP: 31/34 MP: 7/7
  2053 | D:2      | Noticed Jessica
  2059 | D:2      | Killed Jessica
  2059 | D:2      | Reached skill level 4 in Polearms
  2630 | D:3      | Reached XP level 5. HP: 33/41 MP: 8/8
  3452 | D:3      | Noticed Robin
  3618 | D:3      | Killed Robin
  4440 | D:4      | Found a blossoming altar of Fedhas.
  4669 | D:4      | Noticed Natasha
  4699 | D:2      | HP: 2/41 [Natasha (7)]
  4713 | D:2      | HP: 2/61 [Natasha/magic dart (4)]
  4715 | D:2      | Slain by Natasha

Skill      XL: |  1  2  3  4 |
---------------+-------------+-----
Armour         | 1 |  1.6
Dodging        | 3 |  3.9
Shields        | 1 |  1.7
Polearms       | 4 |  4.5
Fighting       | 3 |  3.2
Throwing       | |  1.0
Spellcasting   | |  2.8
Translocations | |  2.4

Action                   |  1- 3 |  4- 6 || total
-------------------------+-------+-------++-------
Melee: Spear             |    38 |       ||    38
       Trident           |   138 |   292 ||   430
Throw: Tomahawk          |     5 |       ||     5
  Use: Potion            |       |     5 ||     5
 Stab: Sleeping          |     1 |       ||     1
  Eat: Chunk             |     4 |     8 ||    12
Armor: Leather armour    |    37 |    50 ||    87
       Ring mail         |       |    28 ||    28
Dodge: Dodged            |    74 |   128 ||   202
Block: Shield            |    62 |   116 ||   178
